 Dungeon Crawl Stone Soup version 0.30-a0-782-ge64f9170bb (webtiles) character file.

Game seed: 17704763045784317518

1828682 epen the Cutthroat (level 27, 380/380 HPs)
             Began as a Gnoll Delver on Feb 23, 2023.
             Was the Champion of Cheibriados.
             Escaped with the Orb
             ... and 3 runes!
             The game lasted 02:14:24 (60446 turns).

epen the Cutthroat (Gnoll Delver)                  Turns: 60446, Time: 02:14:25

Health: 380/380    AC: 35    Str: 26    XL:     27
Magic:  46/46      EV: 48    Int: 25    God:    Cheibriados [******]
Gold:   7703       SH: 31    Dex: 42    Spells: 59/65 levels left

rFire   + + .      SeeInvis +      - Unarmed
rCold   . . .      Faith    .    E - +5 kite shield {reflect}
rNeg    + . .      Spirit   .    (body armour currently unavailable)
rPois   ∞          Reflect  +    O - +2 hat
rElec   +          Harm     .    W - +2 cloak {rF+}
rCorr   +          Rampage  .    (gloves currently unavailable)
Will    +++..      Rage     3%   (boots currently unavailable)
Stlth   ++++                     J - amulet of Ymici {Reflect SH+5 SInv}
HPRegen 0.83/turn                g - ring "Uptum" {Will+ Dex+3}
MPRegen 0.30/turn                u - ring "Syp Naggo" {rC+ rCorr SInv}

@: statue-form, studying 2 skills, very slow
A: slow and powerful, torment resistance 1, boosted hp, fangs 1, strong nose,
distributed training, thin skeletal structure 1, berserk 1, clumsy 2, fire
resistance 1, passive freeze, robust 3, screaming 1, weak 1, no potion heal 1,
cold vulnerability 1
0: Orb of Zot
}: 3/15 runes: serpentine, barnacled, slimy
a: End Transformation, Renounce Religion, Bend Time, Temporal Distortion,
Slouch, Step From Time


You escaped.
You worshipped Cheibriados.
Cheibriados was exalted by your worship.
You were a living statue of rough stone.
You visited 12 branches of the dungeon, and saw 55 of its levels.
You visited the Abyss 4 times.
You also visited: Sewer, Bailey, Ice Cave, Volcano, Wizlab and Desolation.

You collected 9817 gold pieces.
You spent 2114 gold pieces at shops.

Inventory:

Missiles
 i - 24 curare-tipped darts (quivered)
 L - 5 throwing nets
Armour
 E - a +5 kite shield of reflection (worn)
 O - a +2 hat (worn)
 V - the +2 cloak of the Thief {*Fog Slay-2 SInv Stlth+}
   (You found it in a volcano)

   *Fog:      It may release a thick cloud of smoke when the wearer is hurt.
   Slay:      It affects your accuracy & damage with ranged weapons and melee
   (-2).
   SInv:      It lets you see invisible.
   Stlth:     It makes you more stealthy.
 W - a +2 cloak of fire resistance (worn)
 X - the +1 pair of gloves of Shadows and Fog (melded) {rF+++ rN+ rCorr Str-3}
   (You found it in a volcano)

   Str:       It affects your strength (-3).
   rF:        It renders you almost immune to fire.
   rN:        It protects you from negative energy.
   rCorr:     It protects you from acid and corrosion.
 Y - a +2 pair of boots of stealth (melded)
Jewellery
 b - an amulet of the acrobat
 g - the ring "Uptum" (left fist) {Will+ Dex+3}
   (You found it in the Desolation of Salt)

   [ring of willpower]

   Dex:       It affects your dexterity (+3).
   Will:      It increases your willpower.
 l - a ring of magical power
 u - the ring "Syp Naggo" (right fist) {rC+ rCorr SInv}
   (You bought it in a shop on level 3 of the Elven Halls)

   [ring of resist corrosion]

   rC:        It protects you from cold.
   SInv:      It lets you see invisible.
   rCorr:     It protects you from acid and corrosion.
 J - the amulet of Ymici (around neck) {Reflect SH+5 SInv}
   (You found it on level 2 of the Crypt)

   [amulet of reflection]

   It reflects blocked missile attacks.
   SInv:      It lets you see invisible.
   SH:        It affects your SH (+5).
 Z - a ring of protection from cold
Wands
 a - a wand of polymorph (8)
 f - a wand of digging (4)
 A - a wand of iceblast (26)
 B - a wand of flame (98)
 H - a wand of mindburst (10)
 I - a wand of acid (28)
 R - a wand of charming (32)
Scrolls
 c - 6 scrolls of fog
 d - 5 scrolls of enchant weapon
 e - 3 scrolls of blinking
 n - 3 scrolls of enchant armour
 p - 10 scrolls of poison
 t - 22 scrolls of fear
 y - 2 scrolls of brand weapon
 C - 10 scrolls of amnesia
 F - 4 scrolls of summoning
 G - 9 scrolls of teleportation
 M - 3 scrolls of silence
 Q - 48 scrolls of identify
Potions
 h - 3 potions of mutation
 j - 4 potions of ambrosia
 k - 8 potions of heal wounds
 o - 22 potions of curing
 w - 10 potions of flight
 x - 4 potions of cancellation
 z - 6 potions of magic
 D - 3 potions of berserk rage
 K - 9 potions of brilliance
 S - 11 potions of attraction
 T - 2 potions of invisibility
Miscellaneous
 m - a lightning rod (4/4)
 s - a tin of tremorstones (2/2)
 N - a phantom mirror
 P - a box of beasts


   Skills:
 + Level 20.6 Fighting
 + Level 25.6 Short Blades
 + Level 19.8 Long Blades
 + Level 19.8 Axes
 + Level 19.8 Maces & Flails
 + Level 19.8 Polearms
 + Level 19.8 Staves
 + Level 19.8 Ranged Weapons
 + Level 19.8 Throwing
 + Level 19.8 Armour
 + Level 22.2 Dodging
 + Level 21.5 Stealth
 + Level 19.8 Shields
 + Level 19.8 Unarmed Combat
 + Level 19.8 Spellcasting
 + Level 16.9 Conjurations
 + Level 16.9 Hexes
 + Level 16.9 Summonings
 + Level 16.9 Necromancy
 + Level 16.9 Translocations
 + Level 16.9 Transmutations
 + Level 16.9 Fire Magic
 + Level 16.9 Ice Magic
 + Level 16.9 Air Magic
 + Level 16.9 Earth Magic
 + Level 16.9 Poison Magic
 + Level 21.4 Invocations
 + Level 19.8 Evocations


You had 59 spell levels left.
You knew the following spells:

 Your Spells              Type           Power      Damage    Failure   Level
b - Statue Form           Tmut/Erth      55%        N/A       1%          6

Your spell library contained the following spells:

 Spells                   Type           Power      Damage    Failure   Level
 Beastly Appendage        Tmut           100%       N/A       0%          1
 Foxfire                  Conj/Fire      100%       2x1d9     0%          1
 Magic Dart               Conj           100%       1d8       0%          1
 Necrotise                Necr           100%       1d9       0%          1
 Sandblast                Erth           100%       2d20      0%          1
 Sting                    Tmut/Pois      100%       1d8       0%          1
 Summon Small Mammal      Summ           100%       N/A       0%          1
 Call Imp                 Summ           83%        N/A       0%          2
 Cigotuvi's Dreadful Rot  Necr/Pois/Air  100%       N/A       0%          2
 Ensorcelled Hibernation  Hex/Ice        100%       N/A       0%          2
 Passwall                 Tmut/Erth      69%        N/A       0%          2
 Poisonous Vapours        Pois/Air       100%       N/A       0%          2
 Sublimation of Blood     Necr           83%        N/A       0%          2
 Wereblood                Tmut           83%        N/A       0%          2
 Call Canine Familiar     Summ           83%        N/A       0%          3
 Dazzling Flash           Conj/Hex       100%       N/A       0%          3
 Frozen Ramparts          Ice            100%       1d16      0%          3
 Hailstorm                Conj/Ice       83%        3d17      0%          3
 Inner Flame              Hex/Fire       83%        N/A       0%          3
 Mephitic Cloud           Conj/Pois/Air  83%        N/A       0%          3
 Ozocubu's Armour         Ice            83%        N/A       0%          3
 Spider Form              Tmut/Pois      83%        N/A       0%          3
 Stone Arrow              Conj/Erth      100%       3d13      0%          3
 Summon Guardian Golem    Hex/Summ       83%        N/A       0%          3
 Vampiric Draining        Necr           83%        2d11      0%          3
 Anguish                  Hex/Necr       41%        N/A       1%          4
 Animate Armour           Summ/Erth      100%       N/A       1%          4
 Animate Dead             Necr           83%        N/A       1%          4
 Cause Fear               Hex            41%        N/A       1%          4
 Dispel Undead            Necr           83%        3d27      1%          4
 Ice Form                 Ice/Tmut       83%        N/A       1%          4
 Iskenderun's Mystic Bla  Conj/Tloc      83%        2d16      1%          4
 Leda's Liquefaction      Hex/Erth       41%        N/A       1%          4
 Manifold Assault         Tloc           83%        N/A       1%          4
 Olgreb's Toxic Radiance  Pois           83%        N/A       1%          4
 Passage of Golubria      Tloc           83%        N/A       1%          4
 Petrify                  Tmut/Erth      83%        N/A       1%          4
 Summon Ice Beast         Ice/Summ       83%        N/A       1%          4
 Agony                    Necr           83%        N/A       1%          5
 Blade Hands              Tmut           41%        N/A       1%          5
 Borgnjor's Vile Clutch   Necr/Erth      41%        N/A       1%          5
 Fireball                 Conj/Fire      41%        3d17      1%          5
 Freezing Cloud           Conj/Ice/Air   41%        6-21      1%          5
 Irradiate                Conj/Tmut      41%        3d25      1%          5
 Iskenderun's Battlesphe  Conj           83%        2d13      1%          5
 Lee's Rapid Deconstruct  Erth           41%        3d20*     1%          5
 Lightning Bolt           Conj/Air       41%        1d60      1%          5
 Metabolic Englaciation   Hex/Ice        41%        N/A       1%          5
 Silence                  Hex/Air        41%        N/A       1%          5
 Summon Forest            Summ/Tloc      41%        N/A       1%          5
 Summon Mana Viper        Hex/Summ       83%        N/A       1%          5
 Conjure Ball Lightning   Conj/Air       41%        3x3d13    1%          6
 Death Channel            Necr           41%        N/A       1%          6
 Dispersal                Tloc           41%        N/A       1%          6
 Iron Shot                Conj/Erth      41%        9d8       1%          6
 Simulacrum               Ice/Necr       41%        N/A       1%          6
 Summon Cactus Giant      Summ           41%        N/A       1%          6
 Dragon Form              Tmut           41%        N/A       1%          7
 Enfeeble                 Hex            41%        N/A       1%          7
 Haunt                    Necr/Summ      41%        N/A       1%          7
 Monstrous Menagerie      Summ           41%        N/A       1%          7
 Orb of Destruction       Conj           41%        9d11      1%          7
 Ozocubu's Refrigeration  Ice            41%        4d16      1%          7
 Spellforged Servitor     Conj/Summ      41%        N/A       1%          7
 Borgnjor's Revivificati  Necr           41%        N/A       16%         8
 Discord                  Hex            41%        N/A       16%         8
 Disjunction              Tloc           41%        N/A       16%         8
 Infestation              Necr           41%        N/A       16%         8
 Lehudib's Crystal Spear  Conj/Erth      41%        10d10     16%         8
 Necromutation            Tmut/Necr      41%        N/A       16%         8
 Death's Door             Necr           41%        N/A       94%         9
 Polar Vortex             Ice            41%        N/A       94%         9


Dungeon Overview and Level Annotations

Branches:
Dungeon (15/15)            Temple (1/1) D:4            Lair (5/5) D:8
 Shoals (4/4) Lair:3        Snake (4/4) Lair:3        Slime (5/5) Lair:5
    Orc (2/2) D:10            Elf (3/3) Orc:2        Vaults (4/5) D:14
  Crypt (3/3) Vaults:2       Tomb (0/3) Crypt:3      Depths (4/4) D:15
    Zot (5/5) Depths:4      Sewer (visited)          Bailey (visited)
  IceCv (visited)         Volcano (visited)          WizLab (visited)
Desolation (visited)

Altars:
Ashenzari
Cheibriados
Dithmenos
Elyvilon
Fedhas
Gozag
Hepliaklqana
Kikubaaqudgha
Makhleb
Nemelex Xobeh
Okawaru
Qazlal
Ru
Sif Muna
Trog
Vehumet
Wu Jian
Xom
Yredelemnul
Zin
The Shining One
Jiyva

Shops:
D:1 [   D:5 *   D:12 (   Orc:2 *!![   Elf:3 =:=   Shoals:2 (   Shoals:4 (
Snake:2 :   Snake:3 [!   Snake:4 [   Zot:3 *   Depths:3 **!=(   Depths:4 (?***

Portals:
Hell: Depths:1 Depths:2 Depths:3 Depths:4
Abyss: Depths:2 Depths:3
Pandemonium: Depths:2
Ziggurat: Depths:3

Annotations:
D:4 2 transporters, derval's ghost, amateur OpSu
Elf:2 3 runed translucent doors
Zot:5 1 exclusion


Innate Abilities, Weirdness & Mutations

You are a living statue of rough stone.
Your actions are slow, but your melee attacks are powerful.
You are resistant to unholy torment.
Your maximum health is greatly increased.
You are immune to poison.
Your equipment is partially melded.
You have very sharp teeth.
Your uncanny sense of smell can sniff out nearby items.
Your experience applies equally to all skills.
You have a somewhat thin skeletal structure. (Dex +2, Stealth+)
You sometimes lose your temper in combat.
You are very clumsy. (Dex -4)
Your flesh is heat resistant. (rF+)
A frigid envelope surrounds you and freezes all who hurt you.
You are extremely robust. (+30% HP)
You occasionally shout uncontrollably at your foes.
You are weak. (Str -2)
Potions are less effective at restoring your health.
You are vulnerable to cold. (rC-)


Message History

You climb upwards.
There is a stone staircase leading down here.
You recover from your berserk rage.
Your transformation is almost over.
HP restored.
You revert to your normal fleshy form.
The +1 pair of gloves of Shadows and Fog {rF+++ rN+ rCorr Str-3} unmelds from your body.
Your +2 pair of boots of stealth unmelds from your body.
You feel stealthy.
An ice devil comes into view.
A sixfirhy comes into view.
Casting: Statue Form (mildly dangerous; 1% risk of failure)
Confirm with . or Enter, or press ? or * to list all spells.
You turn into a living statue of rough stone.
The +1 pair of gloves of Shadows and Fog {rF+++ rN+ rCorr Str-3} melds into your body.
Your +2 pair of boots of stealth melds into your body.
You feel less stealthy. You block the ice devil's attack.
You squash the sixfirhy like an ant!!!
You kill the sixfirhy!
Cheibriados thoroughly appreciates the change of pace.
You block the ice devil's attack.
You pummel the ice devil like a punching bag!!!
You kill the ice devil!
Cheibriados thoroughly appreciates the change of pace.
No target in view!
An endoplasm comes into view.
The endoplasm quivers.
You block the endoplasm's attack.
You squash the endoplasm like an ant!!!
You kill the endoplasm!
Cheibriados thoroughly appreciates the change of pace.
No target in view!
Aiming: Dig
Press: ? - help, Shift-Dir - straight line A rock wall.
This square is covered in magical glow.
The rock shatters into small pieces.
There is a staircase leading out of the dungeon here.
You have escaped!

..†...(..........#.....###.##....
#####.....................###....
#.......###############..###.###
##.####'##..............#'##.....
#..###..........⌠..........######
..##...⌠.................⌠...## #
.##........⌠.........⌠.....(..###
.#.............................#.
.#...⌠..........8..........⌠...#.
.#.............................#.
.##........⌠...(.....⌠........##.
####...⌠.................⌠...##..
###..........⌠.......(..###..#
#####.............##### ##.#
############### #.# #.. ###


There were no monsters in sight!

Vanquished Creatures
  the Royal Jelly (Slime:5)
  6 dread liches
  8 orbs of fire
  2 ancient liches (Zot:5)
  2 pandemonium lords (Depths:4)
  A juggernaut (Depths:2)
  Parghit (Depths:4)
  Vv (Depths:4)
  7 Killer Klowns
  4 curse toes
  Saint Roka (Crypt:1)
  4 caustic shrikes
  13 golden dragons
  A profane servitor (Abyss:3)
  3 bone dragons
  2 electric golems (Zot:5)
  A hellephant (Abyss:3)
  A shard shrike zombie (Abyss:3)
  2 Brimstone Fiends (Depths:4)
  17 tentacled monstrosities
  7 liches
  Jorgrun (D:13)
  Rupert (D:14)
  2 deep elf blademasters (Elf:3)
  5 quicksilver dragons
  A walking frostbound tome (Depths:2)
  27 Orb Guardians
  A walking earthen tome (Depths:2)
  15 acid blobs
  13 tentacled starspawn (Abyss:3)
  12 death cobs
  7 ancient champions
  Polyphemus (Shoals:2)
  2 deep elf master archers (Elf:3)
  A kraken (Shoals:4)
  6 sphinxes
  2 Executioners
  3 tengu reavers (Depths:2)
  16 storm dragons
  Ilsuiw (Shoals:4)
  10 frost giants
  2 draconian monks
  4 revenants (Crypt:3)
  5 draconian knights
  7 shadow dragons
  11 rockslimes
  7 nagarajas
  5 fire giants
  Roxanne (D:15)
  9 azure jellies
  4 ghost moths
  4 imperial myrmidons (Desolation)
  3 deep elf sorcerers
  6 draconian scorchers
  10 vault wardens
  2 caustic shrike zombies
  4 deep elf elementalists (Elf:3)
  Louise (D:15)
  An iron dragon (Depths:2)
  A ghost moth (shapeshifter) (Depths:2)
  5 draconian shifters
  A curse skull (Crypt:3)
  2 balrugs
  2 draconian stormcallers
  4 orc warlords
  5 reapers
  8 quicksilver oozes (Slime:5)
  A ghoul (Crypt:1)
  20 ironbound preservers
  2 war gargoyles (Vaults:4)
  A draconian annihilator (Depths:4)
  21 very ugly things
  13 stone giants
  2 caustic shrike skeletons
  14 vampire knights
  4 spriggan defenders
  An elemental wellspring (Shoals:3)
  8 ironbound thunderhulks
  A juggernaut skeleton (Depths:1)
  9 green draconians
  Azrael (Elf:2)
  10 white draconians
  4 yellow draconians
  Nessos (D:13)
  14 purple draconians
  A lorocyproca (Depths:4)
  3 deep elf demonologists (Elf:3)
  12 red draconians
  A spark wasp (Depths:3)
  A crystal guardian (Desolation)
  12 black draconians
  7 deep elf annihilators (Elf:3)
  15 dire elephants
  6 eidola
  7 ettins
  13 fire dragons
  17 jiangshi
  4 deep elf death magi
  3 merfolk impalers (Shoals:4)
  12 ragged hierophants
  7 yaktaur captains
  4 entropy weavers
  6 merfolk javelineers (Shoals:4)
  15 great orbs of eyes
  7 servants of whispers (Desolation)
  3 deep elf high priests (Elf:3)
  Josephine (Snake:1)
  7 rakshasas
  4 salamander tyrants
  9 peacekeepers
  5 vault guards
  A hell beast (Depths:3)
  6 spriggan air magi
  3 quicksilver dragon skeletons (Crypt:2)
  4 hydras
  4 ogre magi
  6 merfolk avatars
  11 ice dragons
  6 ironbound frosthearts
  A fenstrider witch skeleton (Crypt:1)
  4 satyrs
  17 two-headed ogres
  5 catoblepae
  5 boulder beetles
  7 centaur warriors
  An alligator snapping turtle (Shoals:3)
  11 dancing weapons
  9 anacondas
  3 merfolk aquamancers (Shoals:4)
  24 naga warriors
  6 tengu warriors
  5 hell hogs
  8 death yaks
  7 deep troll earth magi
  3 deep troll shamans
  12 vampire magi
  An orc high priest (Orc:1)
  6 thrashing horrors (Abyss:3)
  5 spriggan berserkers
  7 sun demons
  4 shock serpents
  11 naga sharpshooters
  Sonja (D:13)
  7 soul eaters
  12 hell knights
  5 deep elf knights
  9 iron trolls
  A titan skeleton (Depths:1)
  3 sixfirhies
  A shadow wraith (Abyss:3)
  2 wretched stars (Abyss:3)
  6 glowing orange brains
  6 skysharks
  5 salamander mystics
  7 sea snakes
  23 skeletal warriors
  A bunyip skeleton (Crypt:3)
  A sea snake (shapeshifter) (Vaults:4)
  2 shadow demons
  A golden dragon zombie (Crypt:3)
  7 deep elf archers
  2 flayed ghosts
  69 deep trolls
  A bunyip zombie (Crypt:2)
  An orange crystal statue (Depths:1)
  7 naga ritualists
  11 phantasmal warriors
  8 wizards
  A jorogumo zombie (Crypt:2)
  An obsidian statue (Zot:5)
  9 necromancers
  7 lindwurms
  A bog body (Crypt:1)
  21 harpies
  16 ironbound convokers
  15 orc knights
  Pikel (D:6)
  A sphinx zombie (Vaults:2)
  9 mana vipers
  18 deep elf pyromancers
  A golden dragon skeleton (Crypt:2)
  A shining eye (Slime:4)
  20 deep elf zephyrmancers
  2 orc sorcerers
  13 fauns
  45 ugly things
  21 salamanders
  21 manticores
  A shadow dragon skeleton (Crypt:3)
  28 moths of wrath
  7 cyclopes
  39 black mambas
  A moth of wrath (shapeshifter) (Elf:3)
  2 rust devils
  3 water nymphs
  7 guardian serpents
  A shock serpent zombie (Crypt:3)
  8 merfolk sirens
  2 molten gargoyles
  3 ice statues (IceCv)
  7 elephants
  A gargoyle (D:14)
  7 smoke demons
  2 apocalypse crabs (Abyss:3)
  14 vault sentinels
  20 naga magi
  A naga skeleton (Crypt:3)
  A cane toad (shapeshifter) (D:15)
  A yaktaur zombie (Vaults:2)
  2 demonic crawlers (Abyss:3)
  2 eyes of devastation
  2 orange demons (Abyss:3)
  3 centaur skeletons
  10 cane toads
  An efreet (D:13)
  A kobold demonologist (Abyss:3)
  38 yaktaurs
  An iron giant simulacrum (Crypt:2)
  A rime drake (Lair:1)
  9 freezing wraiths
  4 hellions
  An anaconda simulacrum (IceCv)
  2 tormentors
  7 unseen horrors
  2 ice devils
  8 komodo dragons
  A black draconian skeleton (Crypt:1)
  A hydra zombie (Crypt:2)
  2 ancient zymes
  24 merfolk
  A polar bear (Lair:2)
  2 hellwings
  17 trolls
  59 saltlings (Desolation)
  A tarantella (Vaults:4)
  24 blink frogs
  13 large abominations
  10 raiju (Abyss:3)
  A tarantella zombie (Crypt:2)
  3 wind drakes
  2 hornets (Depths:3)
  A dream sheep (Lair:4)
  8 snapping turtles
  5 flying skulls
  2 air elementals
  7 spriggans
  6 water elementals
  A jumping spider (Vaults:2)
  Sigmund (D:6)
  A centaur simulacrum (D:14)
  63 slime creatures
  3 vampires
  52 yaks
  5 shadows
  2 ynoxinuls (Abyss:3)
  An ettin skeleton (Crypt:3)
  4 fire dragon skeletons (Crypt:2)
  5 wyverns
  A dire elephant simulacrum (IceCv)
  8 basilisks
  6 wraiths
  2 neqoxecs (Abyss:3)
  6 golden eyes (Slime:1)
  3 fire elementals (Elf:2)
  7 redbacks
  7 steam dragons
  34 nagas
  6 vampire mosquitoes
  6 chaos spawn (Abyss:3)
  8 wargs
  3 acid dragons
  19 water moccasins
  4 hell hounds
  30 orc warriors
  3 sky beasts
  An ice beast (D:5)
  An ettin simulacrum (Crypt:2)
  A human zombie (Vaults:2)
  A two-headed ogre skeleton (Crypt:3)
  27 ogres
  4 black bears
  A wolf (Lair:2)
  A boggart (Depths:1)
  5 centaurs
  An elephant skeleton (Crypt:3)
  2 phantoms
  13 kobold brigands
  A salamander zombie (Crypt:2)
  2 gnoll sergeants
  Blork the orc (D:4)
  8 bullfrogs
  2 necrophages
  4 scorpions
  11 small abominations
  3 earth elementals
  A water moccasin zombie (Crypt:1)
  5 cane toad simulacra (IceCv)
  An elf skeleton (Crypt:3)
  6 wights
  A wyvern skeleton (Crypt:1)
  2 warg zombies
  A queen bee zombie (Crypt:3)
  A warg skeleton (Crypt:1)
  19 killer bees
  6 howler monkeys
  7 jellies
  2 troll skeletons
  A polar bear skeleton (Crypt:2)
  An electric eel (Lair:3)
  6 spriggan skeletons
  A quasit (Abyss:3)
  Crazy Yiuf (D:6)
  A black bear zombie (Crypt:3)
  4 hounds
  14 orc priests
  A basilisk zombie (Crypt:2)
  32 starcursed masses (Abyss:3)
  3 iguanas (D:5)
  24 orc wizards
  A polar bear simulacrum (IceCv)
  A wolf simulacrum (IceCv)
  A mummy (D:4)
  10 gnolls
  7 river rats
  7 adders
  3 shadow imps
  3 white imps
  3 ufetubi
  A jelly zombie (Crypt:1)
  6 worms
  3 dart slugs
  64 orcs
  9 ball pythons
  13 endoplasms
  5 giant cockroaches
  3 goblins
  6 hobgoblins
  8 jackals
  37 kobolds
  7 quokkas
  2 bats
  6 frilled lizards
  2 hobgoblin zombies (D:4)
  A jackal zombie (Crypt:1)
  A kobold zombie (D:4)
  An orc zombie (D:4)
  A quokka skeleton (Crypt:3)
  8 rats
  A river rat skeleton (Crypt:2)
  A spectral orc (D:8)
  A butterfly (Lair:4)
  3 starspawn tentacles (Abyss:3)
  4 tentacles (Shoals:4)
2453 creatures vanquished.

Vanquished Creatures (collateral kills)
  An orb of fire (Zot:2)
  A yellow draconian (Depths:4)
  A red draconian (Depths:4)
3 creatures vanquished.

Vanquished Creatures (others)
  A death cob (Zot:2)
  3 draconian knights
  An elemental wellspring (Shoals:3)
  A merfolk aquamancer (Shoals:4)
  A hell knight (Depths:4)
  A deep elf knight (Elf:3)
  A wizard (Vaults:4)
  2 deep elf pyromancers
  A black mamba (Snake:3)
  A water nymph (Shoals:2)
  2 merfolk sirens (Shoals:4)
  An unseen horror (D:11)
  A merfolk (Shoals:4)
  A saltling (Desolation)
  A water elemental (Shoals:2)
  A naga (Snake:4)
  A boggart (Depths:1)
  An orc (Orc:1)
  8 fungi
  2 lurking horrors (Abyss:3)
  45 plants
  27 starspawn tentacles (Abyss:3)
  11 tentacles (Shoals:4)
115 creatures vanquished.

Grand Total: 2571 creatures vanquished

Notes
Turn   | Place    | Note
-------+----------+-------------------------------------------
     0 | D:5      | epen the Gnoll Delver began the quest for the Orb.
     0 | D:5      | Reached XP level 1. HP: 23/23 MP: 1/1
    13 | D:4      | Found a transporter.
    14 | D:4      | Noticed an iguana
    21 | D:4      | Found a transporter.
    25 | D:4      | Noticed derval's ghost (amateur OpSu)
    90 | D:4      | Noticed a jelly
   175 | D:4      | Found a staircase to the Ecumenical Temple.
   184 | Temple   | Entered the Ecumenical Temple
   259 | Temple   | Became a worshipper of Cheibriados the Contemplative
   408 | D:4      | Reached XP level 2. HP: 26/29 MP: 2/2
   573 | D:3      | Found a glowing drain.
   625 | D:3      | Reached XP level 3. HP: 13/35 MP: 2/4
   637 | Sewer    | Entered a sewer
   726 | Sewer    | Noticed a kobold brigand
   745 | Sewer    | Reached skill level 1 in Invocations
   752 | Sewer    | Killed a kobold brigand
   753 | Sewer    | Reached skill level 1 in Long Blades
   753 | Sewer    | Reached skill level 1 in Axes
   753 | Sewer    | Reached skill level 1 in Maces & Flails
   753 | Sewer    | Reached skill level 1 in Polearms
   753 | Sewer    | Reached skill level 1 in Staves
   753 | Sewer    | Reached skill level 1 in Ranged Weapons
   753 | Sewer    | Reached skill level 1 in Throwing
   753 | Sewer    | Reached skill level 1 in Armour
   753 | Sewer    | Reached skill level 1 in Shields
   753 | Sewer    | Reached skill level 1 in Unarmed Combat
   753 | Sewer    | Reached skill level 1 in Spellcasting
   753 | Sewer    | Reached skill level 1 in Conjurations
   753 | Sewer    | Reached skill level 1 in Hexes
   753 | Sewer    | Reached skill level 1 in Summonings
   753 | Sewer    | Reached skill level 1 in Necromancy
   753 | Sewer    | Reached skill level 1 in Translocations
   753 | Sewer    | Reached skill level 1 in Transmutations
   753 | Sewer    | Reached skill level 1 in Fire Magic
   753 | Sewer    | Reached skill level 1 in Ice Magic
   753 | Sewer    | Reached skill level 1 in Air Magic
   753 | Sewer    | Reached skill level 1 in Earth Magic
   753 | Sewer    | Reached skill level 1 in Poison Magic
   753 | Sewer    | Reached skill level 1 in Evocations
   753 | Sewer    | Reached XP level 4. HP: 7/41 MP: 5/5
   904 | Sewer    | Reached XP level 5. HP: 20/47 MP: 5/7
  1090 | Sewer    | Reached * piety under Cheibriados
  1125 | Sewer    | Noticed a kobold brigand
  1136 | Sewer    | Killed a kobold brigand
  1454 | Sewer    | Noticed a kobold brigand
  1456 | Sewer    | Gained mutation: You are partially covered in iridescent
                  | scales. (AC +2) [potion of mutation]
  1456 | Sewer    | Gained mutation: You have a pair of small antennae on your
                  | head. [potion of mutation]
  1502 | Sewer    | Killed a kobold brigand
  1503 | Sewer    | Reached skill level 5 in Short Blades
  1503 | Sewer    | Reached skill level 5 in Dodging
  1503 | Sewer    | Reached XP level 6. HP: 12/53 MP: 7/9
  1860 | Sewer    | HP: 1/53 [river rat (4)]
  2093 | Sewer    | Reached XP level 7. HP: 28/60 MP: 10/10
  2788 | D:2      | Reached ** piety under Cheibriados
  3128 | D:1      | Found a faded altar of an unknown god.
  3546 | D:1      | Reached *** piety under Cheibriados
  3597 | D:1      | Found Caxianad's Armour Shop.
  4345 | D:3      | Identified the +10 dagger of Pynynais {speed, Fragile rPois
                  | rC+ Dex+3}
  4398 | D:3      | Found a sacrificial altar of Ru.
  5321 | D:4      | Reached skill level 10 in Stealth
  5378 | D:4      | Noticed Blork the orc
  5385 | D:4      | Killed Blork the orc
  5591 | D:5      | Found a broken altar of Ashenzari.
  5591 | D:5      | Noticed a wyvern
  5613 | D:5      | Reached XP level 8. HP: 67/67 MP: 12/12
  5808 | D:5      | Reached **** piety under Cheibriados
  5836 | D:5      | Found a white marble altar of Elyvilon.
  6080 | D:5      | Found a shimmering altar of Xom.
  6266 | D:5      | Found a sparkling altar of Nemelex Xobeh.
  6420 | D:5      | Reached skill level 6 in Short Blades
  6479 | D:5      | Found Joonuigg's General Store.
  6711 | D:5      | Killed a wyvern
  6712 | D:5      | Reached XP level 9. HP: 39/73 MP: 14/14
  7884 | D:6      | Noticed Pikel
  7899 | D:6      | Killed Pikel
  7900 | D:6      | Reached skill level 5 in Invocations
  8055 | D:6      | Found a runed translucent door.
  8056 | D:6      | Noticed Crazy Yiuf
  8066 | D:6      | Found a burning altar of Makhleb.
  8200 | D:6      | Noticed Sigmund
  8206 | D:6      | Killed Sigmund
  8283 | D:6      | Reached skill level 5 in Long Blades
  8283 | D:6      | Reached skill level 5 in Axes
  8283 | D:6      | Reached skill level 5 in Maces & Flails
  8283 | D:6      | Reached skill level 5 in Polearms
  8283 | D:6      | Reached skill level 5 in Staves
  8283 | D:6      | Reached skill level 5 in Ranged Weapons
  8283 | D:6      | Reached skill level 5 in Throwing
  8283 | D:6      | Reached skill level 5 in Armour
  8283 | D:6      | Reached skill level 5 in Shields
  8283 | D:6      | Reached skill level 5 in Unarmed Combat
  8283 | D:6      | Reached skill level 5 in Spellcasting
  8283 | D:6      | Reached skill level 5 in Evocations
  8283 | D:6      | Reached XP level 10. HP: 81/81 MP: 17/17
  8361 | D:6      | Reached skill level 7 in Short Blades
  8579 | D:6      | Killed Crazy Yiuf
  9036 | D:7      | Noticed a two-headed ogre
  9047 | D:7      | Killed a two-headed ogre
  9056 | D:7      | Reached ***** piety under Cheibriados
  9152 | D:7      | Found a radiant altar of Vehumet.
  9386 | D:8      | Found a staircase to the Lair.
  9576 | D:8      | Found a flagged portal.
  9587 | Bailey   | Entered a bailey
  9699 | Bailey   | Noticed a two-headed ogre
  9707 | Bailey   | Killed a two-headed ogre
  9795 | Bailey   | Reached skill level 5 in Conjurations
  9795 | Bailey   | Reached skill level 5 in Hexes
  9795 | Bailey   | Reached skill level 5 in Summonings
  9795 | Bailey   | Reached skill level 5 in Necromancy
  9795 | Bailey   | Reached skill level 5 in Translocations
  9795 | Bailey   | Reached skill level 5 in Transmutations
  9795 | Bailey   | Reached skill level 5 in Fire Magic
  9795 | Bailey   | Reached skill level 5 in Ice Magic
  9795 | Bailey   | Reached skill level 5 in Air Magic
  9795 | Bailey   | Reached skill level 5 in Earth Magic
  9795 | Bailey   | Reached skill level 5 in Poison Magic
  9896 | Bailey   | Reached XP level 11. HP: 89/89 MP: 20/20
 10015 | Bailey   | Found the +5 glaive of the Guard {elec, spectral, AC+5}
 10023 | Bailey   | Identified the +10 great mace of Untimely Demise {venom,
                  | rC+++ Int-5}
 10094 | D:8      | Identified the +9 halberd of Lust {flame, +Blink Int+5
                  | Dex-3}
 10830 | D:8      | Found a hazy altar of Hepliaklqana.
 11007 | D:9      | Found an ancient bone altar of Kikubaaqudgha.
 11007 | D:9      | Found a glowing silver altar of Zin.
 11225 | D:9      | Reached skill level 8 in Short Blades
 11245 | D:9      | Reached ****** piety under Cheibriados
 11581 | D:10     | Entered Level 10 of the Dungeon
 11872 | D:10     | Found a shadowy altar of Dithmenos.
 12102 | D:10     | Found a staircase to the Orcish Mines.
 12384 | D:10     | Found a blossoming altar of Fedhas.
 12390 | D:10     | Found a basalt altar of Yredelemnul.
 12395 | D:10     | Found a bloodstained altar of Trog.
 12901 | D:11     | Noticed a manticore
 12906 | D:11     | Killed a manticore
 12917 | D:11     | Found a runed translucent door.
 13004 | D:11     | Noticed a boulder beetle
 13010 | D:11     | Killed a boulder beetle
 13011 | D:11     | Reached XP level 12. HP: 88/97 MP: 22/22
 13087 | D:11     | Reached skill level 10 in Fighting
 13155 | D:11     | Found a runed translucent door.
 13377 | D:11     | Noticed a boulder beetle
 13433 | Lair:1   | Entered Level 1 of the Lair of Beasts
 13434 | Lair:1   | Identified a scroll of acquirement
 13434 | Lair:1   | Acquired the +6 shadow dragon scales of Impatience {rCorr
                  | Str-4 SInv Stlth++++}
 13468 | Lair:1   | Found a frozen archway.
 13479 | IceCv    | Entered an ice cave
 13684 | IceCv    | Reached skill level 9 in Short Blades
 14024 | Lair:1   | Reached XP level 13. HP: 104/104 MP: 25/25
 14591 | Lair:2   | Got Fimaff's Exposition on the Decaying Faeries
 15016 | Lair:2   | Reached skill level 10 in Short Blades
 15016 | Lair:2   | Reached skill level 10 in Dodging
 15372 | Lair:3   | Found a dark tunnel.
 15381 | Volcano  | Entered a volcano
 15543 | Volcano  | Noticed a fire dragon
 15543 | Volcano  | Found the +2 cloak of the Thief {*Fog Slay-2 SInv Stlth+}
 15553 | Volcano  | Killed a fire dragon
 15564 | Volcano  | Identified the +1 pair of gloves of Shadows and Fog {rF+++
                  | rN+ rCorr Str-3}
 15758 | Lair:3   | Found a staircase to the Snake Pit.
 15780 | Lair:3   | Reached XP level 14. HP: 103/113 MP: 27/27
 15783 | Lair:3   | Reached skill level 10 in Invocations
 16125 | Lair:3   | Found a staircase to the Shoals.
 16513 | Lair:4   | You fall into a shaft and drop 1 floor!
 16513 | Lair:5   | Entered Level 5 of the Lair of Beasts
 17559 | Lair:5   | Found a snail-covered altar of Cheibriados.
 18094 | Lair:5   | Found a viscous altar of Jiyva.
 18103 | Lair:5   | Found a staircase to the Slime Pits.
 18105 | Lair:5   | Reached skill level 11 in Short Blades
 18157 | Lair:5   | Reached skill level 10 in Long Blades
 18157 | Lair:5   | Reached skill level 10 in Axes
 18157 | Lair:5   | Reached skill level 10 in Maces & Flails
 18157 | Lair:5   | Reached skill level 10 in Polearms
 18157 | Lair:5   | Reached skill level 10 in Staves
 18157 | Lair:5   | Reached skill level 10 in Ranged Weapons
 18157 | Lair:5   | Reached skill level 10 in Throwing
 18157 | Lair:5   | Reached skill level 10 in Armour
 18157 | Lair:5   | Reached skill level 10 in Shields
 18157 | Lair:5   | Reached skill level 10 in Unarmed Combat
 18157 | Lair:5   | Reached skill level 10 in Spellcasting
 18157 | Lair:5   | Reached skill level 10 in Evocations
 18643 | D:11     | Reached XP level 15. HP: 113/120 MP: 29/29
 19116 | D:12     | Found Wecao's Antique Weapon Boutique.
 19591 | D:13     | Noticed Jorgrun
 19601 | D:13     | Killed Jorgrun
 19635 | D:13     | Noticed Nessos
 19663 | D:13     | Killed Nessos
 19667 | D:13     | Noticed Sonja
 19674 | D:13     | Killed Sonja
 19998 | D:14     | Noticed Rupert
 20008 | D:14     | Killed Rupert
 20591 | D:14     | Found a gate to the Vaults.
 20808 | D:15     | Entered Level 15 of the Dungeon
 20831 | D:15     | Reached skill level 12 in Short Blades
 20916 | D:15     | Noticed Louise
 20929 | D:15     | Killed Louise
 20930 | D:15     | Reached XP level 16. HP: 92/129 MP: 30/30
 20980 | D:15     | Noticed Roxanne
 21128 | D:15     | Found a staircase to the Depths.
 21330 | D:15     | Reached XP level 17. HP: 135/135 MP: 32/32
 21567 | D:15     | Killed Roxanne
 21588 | D:15     | Learned a level 6 spell: Statue Form
 21771 | Orc:1    | Entered Level 1 of the Orcish Mines
 21802 | Orc:1    | Reached skill level 13 in Short Blades
 22120 | Orc:2    | Entered Level 2 of the Orcish Mines
 22486 | Orc:2    | Found Arghoqae's Assorted Antiques.
 22517 | Orc:2    | Found Iviog's Distillery.
 22534 | Orc:2    | Found Womuteapn's Distillery.
 22552 | Orc:2    | Bought a potion of heal wounds for 65 gold pieces
 22552 | Orc:2    | Bought a potion of curing for 39 gold pieces
 22552 | Orc:2    | Bought a potion of cancellation for 104 gold pieces
 22554 | Orc:2    | Found Geost's Armour Boutique.
 22558 | Orc:2    | Bought a potion of heal wounds for 60 gold pieces
 22558 | Orc:2    | Bought a potion of curing for 36 gold pieces
 22563 | Orc:2    | Bought a +2 buckler for 231 gold pieces
 22621 | Orc:2    | Found a staircase to the Elven Halls.
 23103 | Snake:1  | Entered Level 1 of the Snake Pit
 23439 | Snake:1  | Identified the +0 ring mail "Otaoci" {rC++}
 23461 | Snake:1  | Noticed Josephine
 23465 | Snake:1  | Killed Josephine
 23600 | Snake:1  | Reached skill level 10 in Conjurations
 23600 | Snake:1  | Reached skill level 10 in Hexes
 23600 | Snake:1  | Reached skill level 10 in Summonings
 23600 | Snake:1  | Reached skill level 10 in Necromancy
 23600 | Snake:1  | Reached skill level 10 in Translocations
 23600 | Snake:1  | Reached skill level 10 in Transmutations
 23600 | Snake:1  | Reached skill level 10 in Fire Magic
 23600 | Snake:1  | Reached skill level 10 in Ice Magic
 23600 | Snake:1  | Reached skill level 10 in Air Magic
 23600 | Snake:1  | Reached skill level 10 in Earth Magic
 23600 | Snake:1  | Reached skill level 10 in Poison Magic
 24712 | Snake:2  | Reached skill level 15 in Stealth
 24751 | Snake:2  | Found Veuchiwo's Book Shop.
 25028 | Snake:2  | Reached skill level 14 in Short Blades
 25058 | Snake:2  | Reached XP level 18. HP: 144/144 MP: 28/34
 25943 | Snake:3  | Found Haret's Distillery.
 25943 | Snake:3  | Found Plog's Armour Emporium.
 26173 | Snake:3  | Acquired 970 gold pieces
 26265 | Snake:4  | Entered Level 4 of the Snake Pit
 26381 | Snake:4  | Found a hazy altar of Hepliaklqana.
 26622 | Snake:4  | Reached skill level 15 in Short Blades
 26916 | Snake:4  | Found Rasonn's Armour Emporium.
 27080 | Snake:4  | Reached XP level 19. HP: 92/152 MP: 25/35
 27237 | Snake:4  | Got a serpentine rune of Zot
 27657 | Vaults:1 | Entered Level 1 of the Vaults
 27730 | Vaults:1 | Found a magical portal.
 27736 | WizLab   | Entered Cigotuvi's Fleshworks
 28583 | Vaults:1 | Reached skill level 16 in Short Blades
 29324 | Vaults:2 | Paralysed by a great orb of eyes for 4 turns
 29376 | Vaults:2 | Found a staircase to the Crypt.
 29421 | Abyss:3  | Found a corrupted altar of Lugonu.
 29421 | Abyss:3  | Cast into level 3 of the Abyss (a wizard)
 29533 | Abyss:3  | Found a transporter.
 29650 | Abyss:3  | Found a corrupted altar of Lugonu.
 29669 | Abyss:3  | Noticed a hellephant
 29719 | Abyss:3  | Reached XP level 20. HP: 161/161 MP: 33/37
 29758 | Vaults:2 | Escaped the Abyss
 29763 | Vaults:2 | Reached skill level 15 in Fighting
 30082 | Vaults:2 | Reached skill level 15 in Invocations
 30090 | Vaults:2 | Reached skill level 17 in Short Blades
 30799 | Vaults:2 | You fall into a shaft and drop 1 floor!
 30949 | Vaults:3 | Paralysed by a sphinx for 2 turns
 31732 | Vaults:3 | Reached XP level 21. HP: 169/169 MP: 39/39
 31888 | Vaults:3 | Reached skill level 15 in Dodging
 32459 | Abyss:3  | Cast into level 3 of the Abyss (a wizard)
 32470 | Abyss:3  | Reached skill level 18 in Short Blades
 32511 | Abyss:3  | Paralysed by accursed screaming for 2 turns
 32522 | Abyss:3  | Paralysed by accursed screaming for 2 turns
 32552 | Abyss:3  | Noticed a profane servitor
 32564 | Abyss:3  | Killed a profane servitor
 32739 | Vaults:4 | Escaped the Abyss
 32780 | Abyss:3  | Cast into level 3 of the Abyss (a wizard)
 32976 | Vaults:4 | Escaped the Abyss
 33131 | Vaults:4 | Noticed a dread lich
 33141 | Vaults:4 | Killed a dread lich
 33969 | Vaults:4 | Reached skill level 15 in Long Blades
 33969 | Vaults:4 | Reached skill level 15 in Axes
 33969 | Vaults:4 | Reached skill level 15 in Maces & Flails
 33969 | Vaults:4 | Reached skill level 15 in Polearms
 33969 | Vaults:4 | Reached skill level 15 in Staves
 33969 | Vaults:4 | Reached skill level 15 in Ranged Weapons
 33969 | Vaults:4 | Reached skill level 15 in Throwing
 33969 | Vaults:4 | Reached skill level 15 in Armour
 33969 | Vaults:4 | Reached skill level 15 in Shields
 33969 | Vaults:4 | Reached skill level 15 in Unarmed Combat
 33969 | Vaults:4 | Reached skill level 15 in Spellcasting
 33969 | Vaults:4 | Reached skill level 15 in Evocations
 34003 | Vaults:4 | Reached XP level 22. HP: 178/178 MP: 37/41
 34421 | Shoals:1 | Entered Level 1 of the Shoals
 34718 | Shoals:2 | Found Enuuly's Weapon Boutique.
 34957 | Shoals:2 | Reached skill level 19 in Short Blades
 34983 | Shoals:2 | Noticed Polyphemus
 34994 | Shoals:2 | Killed Polyphemus
 35808 | Shoals:4 | Entered Level 4 of the Shoals
 35943 | Shoals:4 | Found Jyto's Weapon Emporium.
 35989 | Shoals:4 | Noticed Ilsuiw
 36012 | Shoals:4 | Killed Ilsuiw
 36201 | Shoals:4 | Identified the +8 chain mail "Ujenug" {Will+}
 36423 | Shoals:4 | Identified the +3 acid dragon scales of Compassion {+Blink
                  | rCorr Dex+5 Slay+2}
 36556 | Shoals:4 | Got a barnacled rune of Zot
 36981 | Elf:1    | Entered Level 1 of the Elven Halls
 37092 | Elf:1    | Found a crumbling gateway.
 37099 | Desolati | Entered the Desolation of Salt
 37184 | Desolati | Got the Lessons on the Gift and Shaping
 37196 | Desolati | Identified the amulet of the Skies Above {Faith rN+ Str-5
                  | Int+2 Dex+4}
 37205 | Desolati | Got Iddaj's Spellbook of Confrontation
 37449 | Desolati | Reached XP level 23. HP: 186/186 MP: 42/42
 37497 | Desolati | Identified the ring of Resop {Ice rElec rCorr Dex+2}
 37645 | Desolati | Identified the ring "Uptum" {Will+ Dex+3}
 37659 | Desolati | Identified the ring of Axuavorgh {Will+ rCorr}
 37666 | Desolati | Identified the +1 dagger "Dragonbane" {pain, rElec rF-
                  | Int-4 Dex+7}
 37867 | Desolati | Identified the +0 scale mail "Jisofas" {Str+4 Dex+2}
 38022 | Elf:1    | Found a shimmering blue altar of Sif Muna.
 38034 | Elf:1    | Reached skill level 20 in Short Blades
 38911 | Elf:2    | Found a runed translucent gate.
 38912 | Elf:2    | Found a runed translucent gate.
 38918 | Elf:2    | Found a runed translucent gate.
 39093 | Elf:2    | Noticed Azrael
 39101 | Elf:2    | Killed Azrael
 39206 | Elf:2    | Identified the +2 robe "Wuvoris" {Stlth+}
 39406 | Elf:3    | Entered Level 3 of the Elven Halls
 40190 | Elf:3    | Identified the +10 great sword of the Lonely Wars {pain,
                  | Str+2}
 40225 | Elf:3    | Identified the ring "Foluxtoz" {rElec rCorr Str-4 Dex+6
                  | SInv}
 40233 | Elf:3    | Identified the +2 scimitar of Zoekh {drain, *Slow rElec
                  | Str+3 Dex-4}
 40235 | Elf:3    | Identified the +3 scale mail "Gyamoumn" {Str+4 Int+3 Dex+3}
 40275 | Elf:3    | Got the Treatise on the Dimensional Throng
 40366 | Elf:3    | Identified the +3 ring mail of Inevitability {rC+ Int+3}
 40432 | Elf:3    | Identified the +1 robe "Muessadgh" {Dex+3}
 40444 | Elf:3    | Identified the +1 ring mail of Polish {rElec rF- Regen+
                  | Str+3}
 40581 | Elf:3    | Found Odamumir's Jewellery Shop.
 40582 | Elf:3    | Found Lomij's Book Shoppe.
 40583 | Elf:3    | Found Fyunwyan's Jewellery Shop.
 40593 | Elf:3    | Bought the ring "Syp Naggo" {rC+ rCorr SInv} for 496 gold
                  | pieces
 41004 | Depths:1 | Entered Level 1 of the Depths
 41183 | Depths:1 | You fall into a shaft and drop 1 floor!
 41386 | Depths:2 | Found a one-way gate to the infinite horrors of the Abyss.
 41404 | Depths:2 | Found a one-way gate leading to the halls of Pandemonium.
 41514 | Depths:2 | Noticed a caustic shrike
 41897 | Depths:1 | Identified the +5 ring mail of Poor Excuses {Rampage rC-
                  | rCorr SInv}
 42062 | Depths:1 | Identified the +1 sling of Internal Strife {flame, rElec
                  | MP-9 Str+3 Dex+3}
 42067 | Depths:1 | Found a gateway to Hell.
 42400 | Depths:2 | Reached XP level 24. HP: 195/195 MP: 43/43
 42878 | Depths:2 | Noticed a juggernaut
 43111 | Depths:3 | Found Cir Qaih's Distillery.
 43153 | Depths:3 | Bought a potion of curing for 60 gold pieces
 43223 | Depths:3 | Reached skill level 21 in Short Blades
 43481 | Depths:3 | Found Voptuw's Weapon Shop.
 43499 | Depths:3 | Found Nooj's Jewellery Emporium.
 43500 | Depths:3 | Found a one-way gateway to a ziggurat.
 43759 | Depths:3 | Found Ocurynoa's Assorted Antiques.
 43761 | Depths:3 | Bought a potion of curing for 81 gold pieces
 43761 | Depths:3 | Bought 2 potions of curing for 162 gold pieces
 43763 | Depths:3 | Found Revuor's Assorted Antiques.
 43795 | Depths:3 | Bought a scroll of teleportation for 102 gold pieces
 43795 | Depths:3 | Bought a scroll of teleportation for 102 gold pieces
 43845 | Depths:3 | Identified the +4 hand axe of Yckust {drain, rC+ rN+}
 44102 | Depths:4 | Entered Level 4 of the Depths
 44129 | Depths:4 | Found Zibothroch's Assorted Antiques.
 44433 | Depths:4 | Bought a glowing kite shield for 300 gold pieces
 44450 | Depths:4 | Found Qilas's Assorted Antiques.
 44646 | Depths:4 | Noticed Vv
 44672 | Depths:4 | Killed Vv
 44818 | Depths:4 | Found Gymewou's Magic Scroll Boutique.
 44913 | Depths:4 | Bought a scroll of teleportation for 69 gold pieces
 44913 | Depths:4 | Bought a scroll of teleportation for 69 gold pieces
 44972 | Depths:4 | Reached XP level 25. HP: 162/204 MP: 44/44
 45156 | Depths:4 | Found Seomiasa's Antique Weapon Emporium.
 45245 | Depths:4 | Found a gate to the Realm of Zot.
 45364 | Depths:4 | Noticed Parghit
 45374 | Depths:4 | Killed Parghit
 45539 | Depths:4 | Found Litadam's General Store.
 45548 | Depths:4 | Bought 2 scrolls of teleportation for 138 gold pieces
 46006 | Slime:1  | Entered Level 1 of the Pits of Slime
 46183 | Slime:4  | Gained mutation: You occasionally lose the ability to drink
                  | potions when taking damage. [a shining eye]
 46184 | Slime:4  | Gained mutation: You are occasionally teleported next to
                  | monsters. [a shining eye]
 46185 | Slime:4  | Reached skill level 22 in Short Blades
 46186 | Slime:4  | Gained mutation: You are vulnerable to cold. (rC-) [a
                  | shining eye]
 46192 | Slime:4  | Gained mutation: Your magical capacity is low. (-10% MP) [a
                  | shining eye]
 46299 | Slime:4  | Lost mutation: Your magical capacity is low. (-10% MP)
                  | [potion of mutation]
 46299 | Slime:4  | Lost mutation: You occasionally lose the ability to drink
                  | potions when taking damage. [potion of mutation]
 46299 | Slime:4  | Lost mutation: You have a pair of small antennae on your
                  | head. [potion of mutation]
 46299 | Slime:4  | Lost mutation: You are occasionally teleported next to
                  | monsters. [potion of mutation]
 46299 | Slime:4  | Gained mutation: You are somewhat resistant to further
                  | mutation. [potion of mutation]
 46308 | Slime:5  | Entered Level 5 of the Pits of Slime
 46457 | Slime:5  | Noticed the Royal Jelly
 46458 | Slime:5  | Found a viscous altar of Jiyva.
 46545 | Slime:5  | Killed the Royal Jelly
 46599 | Slime:5  | Identified the ring "Puid" {Fire rPois Str+3 Dex-5}
 46640 | Slime:5  | Identified the +4 quarterstaff "Laotaxt" {flame, rF+ rC-
                  | Str+2 Int+4}
 46653 | Slime:5  | Identified the +4 plate armour of the Pear {rPois Str-2
                  | Stlth+}
 46668 | Slime:5  | Got a slimy rune of Zot
 46692 | Slime:5  | Identified the +10 dagger "Fumezxocw" {flame, rPois rN+
                  | Int+2 Stlth-}
 46702 | Slime:5  | Got the Secrets of Stones
 47088 | Zot:1    | Entered Level 1 of the Realm of Zot
 48542 | Zot:2    | Reached skill level 15 in Conjurations
 48542 | Zot:2    | Reached skill level 15 in Hexes
 48542 | Zot:2    | Reached skill level 15 in Summonings
 48542 | Zot:2    | Reached skill level 15 in Necromancy
 48542 | Zot:2    | Reached skill level 15 in Translocations
 48542 | Zot:2    | Reached skill level 15 in Transmutations
 48542 | Zot:2    | Reached skill level 15 in Fire Magic
 48542 | Zot:2    | Reached skill level 15 in Ice Magic
 48542 | Zot:2    | Reached skill level 15 in Air Magic
 48542 | Zot:2    | Reached skill level 15 in Earth Magic
 48542 | Zot:2    | Reached skill level 15 in Poison Magic
 48982 | Zot:2    | Noticed an orb of fire
 48984 | Zot:2    | Gained mutation: You are vulnerable to heat. (rF-) [an orb
                  | of fire]
 48992 | Zot:2    | Gained mutation: You are clumsy. (Dex -2) [an orb of fire]
 48996 | Zot:2    | Killed an orb of fire
 49089 | Zot:2    | Lost mutation: You are vulnerable to heat. (rF-) [potion of
                  | mutation]
 49089 | Zot:2    | Lost mutation: You are clumsy. (Dex -2) [potion of
                  | mutation]
 49089 | Zot:2    | Lost mutation: You are somewhat resistant to further
                  | mutation. [potion of mutation]
 49089 | Zot:2    | Gained mutation: You expend magic power (3 MP) to
                  | strengthen your wands. [potion of mutation]
 49089 | Zot:2    | Gained mutation: You sometimes lose your temper in combat.
                  | [potion of mutation]
 49089 | Zot:2    | Gained mutation: You are clumsy. (Dex -2) [potion of
                  | mutation]
 49090 | Zot:2    | Lost mutation: You are partially covered in iridescent
                  | scales. (AC +2) [potion of mutation]
 49090 | Zot:2    | Lost mutation: You are clumsy. (Dex -2) [potion of
                  | mutation]
 49090 | Zot:2    | Lost mutation: You sometimes lose your temper in combat.
                  | [potion of mutation]
 49090 | Zot:2    | Gained mutation: You are partially covered in iridescent
                  | scales. (AC +2) [potion of mutation]
 49090 | Zot:2    | Gained mutation: Your muscles are strong. (Str +4, Int/Dex
                  | -1) [potion of mutation]
 49091 | Zot:2    | Lost mutation: You are partially covered in iridescent
                  | scales. (AC +2) [potion of mutation]
 49091 | Zot:2    | Lost mutation: You expend magic power (3 MP) to strengthen
                  | your wands. [potion of mutation]
 49091 | Zot:2    | Gained mutation: You have supernaturally acute eyesight.
                  | (SInv) [potion of mutation]
 49091 | Zot:2    | Gained mutation: Your spells are a little easier to cast,
                  | but a little less powerful. [potion of mutation]
 49091 | Zot:2    | Gained mutation: You expend magic power (3 MP) to
                  | strengthen your wands. [potion of mutation]
 49092 | Zot:2    | Lost mutation: You have supernaturally acute eyesight.
                  | (SInv) [potion of mutation]
 49092 | Zot:2    | Lost mutation: Your muscles are strong. (Str +4, Int/Dex
                  | -1) [potion of mutation]
 49092 | Zot:2    | Lost mutation: You are vulnerable to cold. (rC-) [potion of
                  | mutation]
 49092 | Zot:2    | Gained mutation: You do not regenerate when monsters are
                  | visible. [potion of mutation]
 49092 | Zot:2    | Gained mutation: You are agile. (Dex +4, Str/Int -1)
                  | [potion of mutation]
 49093 | Zot:2    | Lost mutation: You do not regenerate when monsters are
                  | visible. [potion of mutation]
 49093 | Zot:2    | Lost mutation: You are agile. (Dex +4, Str/Int -1) [potion
                  | of mutation]
 49093 | Zot:2    | Gained mutation: A frigid envelope surrounds you and
                  | freezes all who hurt you. [potion of mutation]
 49093 | Zot:2    | Gained mutation: You possess an exceptional clarity of
                  | mind. [potion of mutation]
 49146 | Zot:2    | Reached XP level 26. HP: 213/213 MP: 44/44
 49175 | Zot:2    | Got Kuetoqy's Compilation of the Underground Retinue
 49940 | Crypt:1  | Entered Level 1 of the Crypt
 50028 | Crypt:1  | Reached skill level 23 in Short Blades
 50373 | Crypt:1  | Noticed Saint Roka
 50392 | Crypt:1  | Killed Saint Roka
 51192 | Crypt:2  | Identified the amulet of Ymici {Reflect SH+5 SInv}
 51235 | Crypt:2  | Identified the +9 short sword "Imp's Nightmare" {heavy, rF-
                  | rCorr SInv}
 51996 | Crypt:3  | Entered Level 3 of the Crypt
 52136 | Crypt:3  | Found the +8 Vampire's Tooth {megavamp}
 52620 | Crypt:3  | Identified the +11 long sword "Egyno" {drain, rElec rPois
                  | rC+ SInv}
 52826 | Crypt:3  | Found a staircase to the Tomb.
 53221 | Crypt:3  | Noticed a dread lich
 53221 | Crypt:3  | Noticed a dread lich
 53230 | Crypt:3  | Killed a dread lich
 53236 | Crypt:3  | Reached XP level 27. HP: 222/222 MP: 44/45
 53241 | Crypt:3  | Killed a dread lich
 53245 | Crypt:3  | Identified the ring "Geloib" {*Corrode rPois rN++ Int+3
                  | Stlth+}
 53269 | Crypt:3  | Identified the +7 war axe "Sefosek" {venom, rF+ rC+ rN+}
 53798 | Depths:2 | Killed a juggernaut
 54402 | Zot:2    | Reached skill level 24 in Short Blades
 54585 | Zot:3    | Found Seudghot's Changing Room.
 54607 | Zot:3    | epen: ??plutonium
 54607 | Zot:3    | beem: plutonium ~ plutonian[1/2]: Ancient experimental
                  | species. Gets contam instead of hunger but loses contam on
                  | killing things. Their MP and HP regeneration are faster the
                  | higher their contam is.
 54607 | Zot:3    | epen: ??plutonium sword
 54607 | Zot:3    | beem: plutonium sword[1/2]: The +11 plutonium sword
                  | {*Contam Stlth-}. A triple sword. Sometimes causes
                  | transmutation miscasts (damage, weakness, malmutate,
                  | polymorph) on things it hits.
 54745 | Zot:3    | Noticed an orb of fire
 54755 | Zot:3    | Killed an orb of fire
 56817 | Zot:5    | Entered Level 5 of the Realm of Zot
 57812 | Zot:5    | Noticed a dread lich
 57822 | Zot:5    | Paralysed by a dread lich for 2 turns
 57824 | Zot:5    | Killed a dread lich
 57907 | Zot:5    | Noticed an orb of fire
 57908 | Zot:5    | Noticed an orb of fire
 57919 | Zot:5    | Killed an orb of fire
 57920 | Zot:5    | Noticed an orb of fire
 57924 | Zot:5    | Killed an orb of fire
 57927 | Zot:5    | Gained mutation: You are robust. (+10% HP) [an orb of fire]
 57931 | Zot:5    | Killed an orb of fire
 57990 | Zot:5    | Noticed a dread lich
 58021 | Zot:5    | Killed a dread lich
 58233 | Abyss:3  | Cast into level 3 of the Abyss (Killer Klown)
 58342 | Abyss:3  | Reached skill level 25 in Short Blades
 58381 | Abyss:3  | Noticed a dread lich
 58388 | Abyss:3  | Paralysed by a dread lich for 5 turns
 58393 | Abyss:3  | Killed a dread lich
 58454 | Zot:5    | Escaped the Abyss
 58574 | Zot:5    | Noticed an ancient lich
 58582 | Zot:5    | Killed an ancient lich
 58813 | Zot:5    | Gained mutation: You passively dampen the noise of your
                  | surroundings. [mutagenic glow]
 58818 | Zot:5    | Gained mutation: Your magical capacity is low. (-10% MP)
                  | [mutagenic glow]
 58891 | Zot:5    | Noticed an orb of fire
 58891 | Zot:5    | Noticed an orb of fire
 58891 | Zot:5    | Gained mutation: You have hidden genetic defects. [an orb
                  | of fire]
 58891 | Zot:5    | Noticed an orb of fire
 58891 | Zot:5    | Noticed an ancient lich
 58891 | Zot:5    | Noticed an orb of fire
 58898 | Zot:5    | Gained mutation: You have terrible hidden genetic defects.
                  | [an orb of fire]
 58900 | Zot:5    | Gained mutation: You passively map a small area around you.
                  | [an orb of fire]
 58902 | Zot:5    | Killed an ancient lich
 58903 | Zot:5    | Gained mutation: You are dopey. (Int -2) [an orb of fire]
 58909 | Zot:5    | Gained mutation: You are vulnerable to cold. (rC-) [an orb
                  | of fire]
 58910 | Zot:5    | Gained mutation: You are clumsy. (Dex -2) [an orb of fire]
 58911 | Zot:5    | Gained mutation: You occasionally lose the ability to read
                  | scrolls when taking damage. [an orb of fire]
 58913 | Zot:5    | Gained mutation: Your spells are easier to cast, but less
                  | powerful. [an orb of fire]
 58914 | Zot:5    | Gained mutation: You are weak. (Str -2) [an orb of fire]
 59102 | Zot:5    | Lost mutation: You have terrible hidden genetic defects.
                  | [potion of mutation]
 59102 | Zot:5    | Lost mutation: You occasionally lose the ability to read
                  | scrolls when taking damage. [potion of mutation]
 59102 | Zot:5    | Lost mutation: Your spells are easier to cast, but less
                  | powerful. [potion of mutation]
 59103 | Zot:5    | Lost mutation: You have hidden genetic defects. [potion of
                  | mutation]
 59103 | Zot:5    | Lost mutation: You passively dampen the noise of your
                  | surroundings. [potion of mutation]
 59103 | Zot:5    | Lost mutation: You are dopey. (Int -2) [potion of mutation]
 59103 | Zot:5    | Gained mutation: You occasionally lose the ability to drink
                  | potions when taking damage. [potion of mutation]
 59103 | Zot:5    | Gained mutation: You are very weak. (Str -4) [potion of
                  | mutation]
 59103 | Zot:5    | Gained mutation: Your mind is acute. (Int +4, Str/Dex -1)
                  | [potion of mutation]
 59104 | Zot:5    | Lost mutation: Your magical capacity is low. (-10% MP)
                  | [potion of mutation]
 59104 | Zot:5    | Lost mutation: You passively map a small area around you.
                  | [potion of mutation]
 59104 | Zot:5    | Gained mutation: You are very robust. (+20% HP) [potion of
                  | mutation]
 59104 | Zot:5    | Lost mutation: Your spells are a little easier to cast, but
                  | a little less powerful. [potion of mutation]
 59105 | Zot:5    | Lost mutation: Your mind is acute. (Int +4, Str/Dex -1)
                  | [potion of mutation]
 59105 | Zot:5    | Lost mutation: You are very weak. (Str -4) [potion of
                  | mutation]
 59105 | Zot:5    | Gained mutation: You have a somewhat thin skeletal
                  | structure. (Dex +2, Stealth+) [potion of mutation]
 59105 | Zot:5    | Gained mutation: Your flesh is heat resistant. (rF+)
                  | [potion of mutation]
 59106 | Zot:5    | Lost mutation: You occasionally lose the ability to drink
                  | potions when taking damage. [potion of mutation]
 59106 | Zot:5    | Lost mutation: You expend magic power (3 MP) to strengthen
                  | your wands. [potion of mutation]
 59106 | Zot:5    | Lost mutation: You are clumsy. (Dex -2) [potion of
                  | mutation]
 59152 | Zot:5    | Gained mutation: You are clumsy. (Dex -2) [an orb of fire]
 59153 | Zot:5    | Lost mutation: You possess an exceptional clarity of mind.
                  | [an orb of fire]
 59157 | Zot:5    | Gained mutation: You occasionally shout uncontrollably at
                  | your foes. [an orb of fire]
 59160 | Zot:5    | Killed an orb of fire
 59512 | Zot:5    | Gained mutation: You are very clumsy. (Dex -4) [an orb of
                  | fire]
 59518 | Zot:5    | Killed an orb of fire
 59521 | Zot:5    | Gained mutation: Potions are less effective at restoring
                  | your health. [an orb of fire]
 59521 | Zot:5    | Gained mutation: You are extremely robust. (+30% HP) [an
                  | orb of fire]
 59526 | Zot:5    | Killed an orb of fire
 59599 | Zot:5    | Killed an orb of fire
 59640 | Zot:5    | Got the Orb of Zot
 59804 | Depths:4 | Noticed Juyjoux the pandemonium lord
 59809 | Depths:4 | Gained mutation: You sometimes lose your temper in combat.
                  | [a cacodemon]
 59818 | Depths:4 | Killed Juyjoux the pandemonium lord
 59853 | Depths:4 | Noticed an ancient lich
 59956 | Depths:4 | Noticed Xoexy the pandemonium lord
 60004 | Depths:4 | Noticed Johiwked the pandemonium lord
 60025 | Depths:4 | Killed Johiwked the pandemonium lord
 60040 | Depths:3 | Noticed Mapunor the pandemonium lord
 60446 | D:$      | Escaped with the Orb!

Illustrated notes

Levels and vault maps discovered:
D:1:      dpeg_arrival_water_temple_mockup, layout_rooms,
          dilly_ecumenical_altar_fadedgnrine, serial_shops,
          nicolae_shop_waterfront, minmay_tiny_reverse_x
D:2:      layout_basic, serial_forest, infiniplex_forest_end_2,
          infiniplex_forest_clump_diagonal, infiniplex_forest_lined_room_3,
          infiniplex_forest_fountain, infiniplex_forest_clump_diagonal,
          infiniplex_forest_lined_3
D:3:      layout_basic, nicolae_ru_sacrificial_ziggurat, portal_sewer_entry_a
D:4:      layout_basic, minmay_temple_entry_trees, gammafunk_ghost_arena,
          minmay_mini_ossuary, uniq_blork_the_orc
D:5:      layout_basic, lemuel_round_altar, mainiacjoe_overflow_paths,
          serial_shops, shop, nrook_pool_corridor, hangedman_feature_mirror
D:6:      layout_gridville, makhleb_heckhound_becter, uniq_pikel,
          uniq_crazy_yiuf_cottage, uniq_sigmund
D:7:      layout_loops_ring, nicolae_vehumet_altar_sigil, minivault_26
D:8:      layout_basic, nicolae_hepliaklqana_monster_ancestors,
          erik_lair_orcish_takeover, enter_bailey_2, unseen_surprise_small
D:9:      layout_irregular_city, mainiacjoe_overflow_large_starburst
D:10:     layout_basic, nicolae_dithmenos_shadow_blocks,
          minmay_overflow_temple_star_quad, st_stairs_9,
          hangedman_abyss_or_decor_stabs
D:11:     cheibrodos_histonic, layout_loops_ring
D:12:     layout_basic, serial_shops, shop_fountains
D:13:     layout_rooms, serial_glass, glass_columns_a, glass_columns_a,
          glass_columns_a, glass_columns_b, glass_columns_a, glass_columns_b,
          uniq_nessos, uniq_sonja, uniq_jorgrun
D:14:     layout_irregular_city, david_vaults_2, minivault_19,
          minmay_misc_feat_more_columns, hangedman_tell_no_tales, uniq_rupert
D:15:     grunt_enter_depths_giant_problem, layout_cave_pools,
          nicolae_figureground_pulse, uniq_louise, uniq_roxanne
Temple:   hellmonk_temple_beads
Lair:1:   layout_regular_city, portal_ice_cave_entry_ice_simulacra,
          chequers_serial_rivers_room_a, infiniplex_staircase_pool_2,
          grunt_megastairs_4
Lair:2:   nzn_winding_woodlands_cross [nzn_winding_woodlands_5x15_zeroes,
          nzn_winding_woodlands_5x15_default,
          nzn_winding_woodlands_5x15_default,
          nzn_winding_woodlands_5x15_pockets,
          nzn_winding_woodlands_15x15_killbox], layout_loops_ring
Lair:3:   layout_regular_city, elwin_shoals_entry_rooms,
          minmay_snake_entry_six_corridors, nicolae_volcano_entry_hallway,
          chequers_serial_rivers_micro_b, minivault_19, lemuel_fruit_tree
Lair:4:   layout_regular_city, minmay_shattered_shrine, lemuel_fruit_fields
Lair:5:   evilmike_catoblepas_cave, layout_regular_city,
          nicolae_slime_entry_field_trip, basic_altar
Shoals:1: layout_shoals, serial_shops, nicolae_shop_window_shopping
Shoals:2: layout_shoals, serial_shops, nicolae_shop_window_shopping,
          uniq_polyphemus
Shoals:3: layout_shoals, nicolae_shoals_spring_well_temple
Shoals:4: shoals_end_hangedman, layout_shoals, shoal_ilsuiw, serial_shops,
          nicolae_shop_bloodbath_and_beyond
Snake:1:  layout_layer_cave, nicolae_coiled_stairwell_down, uniq_josephine
Snake:2:  layout_gridlike, serial_shops, nicolae_shop_behind_doors
Snake:3:  layout_onion, minmay_shoptagon
Snake:4:  snake_pit, layout_cave_shapes, serial_shops, shop_fountains,
          basic_altar
Slime:1:  layout_caves, cheibrodos_slime_lost_civilization_5
Slime:2:  layout_caves
Slime:3:  layout_caves
Slime:4:  cheibrodos_slime_lost_civilization_2, layout_caves
Slime:5
Orc:1:    layout_caves
Orc:2:    st_orc_open, layout_diamond_mine
Elf:1:    eino_elf_arrival_customs, layout_geoelf_diagonals,
          portal_desolation_entry_salt, basic_altar, serial_sigils,
          serial_sigils_hangedman_gut, serial_sigils_hangedman_etch,
          serial_sigils_hangedman_scratch, serial_sigils_hangedman_leer,
          serial_sigils_hangedman_writhe, serial_sigils_hangedman_scar
Elf:2:    nicolae_elf_blades_splatter_lattice
          [nicolae_blade_entry_diamond_columns], layout_onion_city, kb_rosetta,
          uniq_azrael
Elf:3:    elf_hall, layout_geoelf_diagonals, st_stairs_9, minmay_shop_grove,
          grunt_megastairs_1
Vaults:1: mu_enter_wizlab_1, special_room_vaults [special_room_orc],
          nicolae_vaults_big_angled_halls, v_misc_27, v_rooms_1,
          nicolae_vaults_little_squares_2, grunt_vaults_funnel,
          ontoclasm_vaults_hangar, hangedman_vaults_capsules,
          grunt_vaults_hallway_short, vaults_dpeg_ring, nicolae_vaults_alarming,
          vaults_dpeg_hooks, layout_vaults_big_room
Vaults:2: vaults_mumra_hex, nicolae_vaults_ring_of_whatevers,
          grunt_vaults_bifocal, vaults_standard_mumra_lines,
          minmay_crypt_entry_simple_corners, hangedman_vaults_restitches,
          ontoclasm_vaults_ring_large, vaults_room_corners,
          nicolae_vaults_border_crossing, nicolae_vaults_sealed_display,
          vaults_room_guarded_vault, vaults_dpeg_diagonal, layout_vaults_ring
Vaults:3: v_misc_23, vaults_dpeg_emergency_exit, st_lines, v_misc_2,
          nicolae_vaults_big_ls, hangedman_vaults_stream, v_misc_17,
          layout_vaults_omnigrid
Vaults:4: grunt_vaults_hallway_long, ontoclasm_vaults_pinch, st_more_cells,
          nicolae_vaults_stairing_the_circle, hangedman_vaults_river_flow,
          vaults_mumra_hexcomb, v_pattern_3, nicolae_vaults_circle_grid_a,
          nicolae_vaults_ring_of_whatevers, v_alt_pattern_1,
          nicolae_vaults_mini_display_case, ontoclasm_vaults_eye,
          vaults_dpeg_encased_lava, layout_vaults_omnicross
Crypt:1:  layout_misc_corridors, st_stairs_4, uniq_saint_roka
Crypt:2:  cheibrodos_crypt_draghalla, layout_catacombs, serial_glass,
          glass_columns_c, glass_columns_c, glass_columns_b, glass_columns_c,
          glass_columns_b, glass_columns_a, glass_columns_b, glass_columns_a,
          glass_columns_c, glass_columns_b, glass_columns_b, glass_columns_a,
          glass_columns_b, glass_columns_c
Crypt:3:  david_glass_crypt, layout_basic
Depths:1: layout_cave_pools, kennysheep_nub, pf_coc_iceberg,
          corexii_leaking_fountain, abandoned_shop, horrible_house_mu
Depths:2: evilmike_inaccessible_box, layout_gridlike, hellmouth_1, abyss_entry,
          pan_entry, infiniplex_staircase_9_rooms
Depths:3: kennysheep_room_grid, layout_basic, enter_ziggurat_a, hellmouth_3,
          serial_bayou_pond_c, serial_shops,
          nicolae_shop_competitors_out_of_business, nicolae_take_the_stairs,
          nicolae_shop_stone, nicolae_stop_n_shop_2, nicolae_shop_trees,
          abyss_entry
Depths:4: grunt_twist_and_shout, layout_cave_shapes, serial_shops,
          nicolae_shop_trees, shop, shop, shop, nicolae_lakefront_shop,
          roderic_lattice_a, grunt_hell_entry_dis_mu, uniq_parghit, uniq_vv
Zot:1:    kennysheep_blocky_room, layout_cathedral_of_symmetry
Zot:2:    layout_gridlike, hangedman_zot_decor_unnerving_road, evilmike_ambush
          [evilmike_ambush_outer_basic, evilmike_ambush_inner_cross]
Zot:3:    layout_cathedral_of_symmetry, nicolae_transmutations_shop
Zot:4:    layout_basic, st_small_dragon_hoard_3, nicolae_zot_crop_circle
Zot:5:    layout_cellular_growth, st_stairs_6

Skill      XL: |  1  2  3  4  5  6  7  8  9 10 11 12 13 14 15 16 17 18 19 20 21 22 23 24 25 26 27 |
---------------+----------------------------------------------------------------------------------+-----
Stealth        | 10 11 12 13 14 15 16 17 18 19 20 21 | 21.5
Invocations    | 1 2 3 4 5 6 7 8 9 10 11 12 13 14 15 16 17 18 19 21 | 21.4
Long Blades    | 1 2 3 5 6 7 8 9 10 11 12 13 14 15 16 17 18 19 | 19.8
Axes           | 1 2 3 5 6 7 8 9 10 11 12 13 14 15 16 17 18 19 | 19.8
Maces & Flails | 1 2 3 5 6 7 8 9 10 11 12 13 14 15 16 17 18 19 | 19.8
Polearms       | 1 2 3 5 6 7 8 9 10 11 12 13 14 15 16 17 18 19 | 19.8
Staves         | 1 2 3 5 6 7 8 9 10 11 12 13 14 15 16 17 18 19 | 19.8
Ranged Weapons | 1 2 3 5 6 7 8 9 10 11 12 13 14 15 16 17 18 19 | 19.8
Throwing       | 1 2 3 5 6 7 8 9 10 11 12 13 14 15 16 17 18 19 | 19.8
Armour         | 1 2 3 5 6 7 8 9 10 11 12 13 14 15 16 17 18 19 | 19.8
Shields        | 1 2 3 5 6 7 8 9 10 11 12 13 14 15 16 17 18 19 | 19.8
Unarmed Combat | 1 2 3 5 6 7 8 9 10 11 12 13 14 15 16 17 18 19 | 19.8
Spellcasting   | 1 2 3 5 6 7 8 9 10 11 12 13 14 15 16 17 18 19 | 19.8
Conjurations   | 1 2 3 4 5 6 7 8 9 10 11 12 13 14 15 16 | 16.9
Hexes          | 1 2 3 4 5 6 7 8 9 10 11 12 13 14 15 16 | 16.9
Summonings     | 1 2 3 4 5 6 7 8 9 10 11 12 13 14 15 16 | 16.9
Necromancy     | 1 2 3 4 5 6 7 8 9 10 11 12 13 14 15 16 | 16.9
Translocations | 1 2 3 4 5 6 7 8 9 10 11 12 13 14 15 16 | 16.9
Transmutations | 1 2 3 4 5 6 7 8 9 10 11 12 13 14 15 16 | 16.9
Fire Magic     | 1 2 3 4 5 6 7 8 9 10 11 12 13 14 15 16 | 16.9
Ice Magic      | 1 2 3 4 5 6 7 8 9 10 11 12 13 14 15 16 | 16.9
Air Magic      | 1 2 3 4 5 6 7 8 9 10 11 12 13 14 15 16 | 16.9
Earth Magic    | 1 2 3 4 5 6 7 8 9 10 11 12 13 14 15 16 | 16.9
Poison Magic   | 1 2 3 4 5 6 7 8 9 10 11 12 13 14 15 16 | 16.9
Evocations     | 1 2 3 5 6 7 8 9 10 11 12 13 14 15 16 17 18 19 | 19.8
Short Blades   | 5 6 7 8 9 10 11 12 14 15 16 17 18 19 20 21 22 23 25 | 25.6
Dodging        | 5 6 7 8 9 10 11 12 13 14 15 16 17 18 19 22 | 22.2
Fighting       | 7 8 9 10 11 12 13 14 15 16 17 18 19 20 | 20.6

Action                     |  1- 3 |  4- 6 |  7- 9 | 10-12 | 13-15 | 16-18 | 19-21 | 22-24 | 25-27 || total
---------------------------+-------+-------+-------+-------+-------+-------+-------+-------+-------++-------
  Melee: Short sword       |   105 |   220 |   438 |       |       |       |       |       |       ||   763
         Bite              |    11 |    18 |    56 |    29 |    79 |   116 |   240 |   303 |   477 ||  1329
         Punch             |     2 |     8 |    12 |     5 |       |     8 |       |       |       ||    35
         Spear             |       |       |    56 |   152 |       |       |       |       |       ||   208
         Scimitar          |       |       |     1 |       |       |       |       |       |       ||     1
         Glaive            |       |       |       |   252 |   541 |    54 |       |       |       ||   847
         Great mace        |       |       |       |       |    13 |       |       |       |       ||    13
         Unarmed           |       |       |       |       |       |   652 |  1148 |  1400 |  1931 ||  5131
  Throw: Dart              |       |       |     1 |       |       |       |       |       |       ||     1
         Throwing net      |       |       |       |       |       |       |     1 |       |       ||     1
   Cast: Statue Form       |       |       |       |       |       |    71 |    82 |   147 |   203 ||   503
 Invoke: Slouch            |       |       |     1 |     1 |     3 |     8 |    12 |    11 |    15 ||    51
  Evoke: Wand              |     4 |     5 |       |     5 |     1 |     1 |     3 |    10 |    11 ||    40
         Tin of tremorston |       |       |       |       |       |     2 |     4 |     5 |       ||    11
         Phantom mirror    |       |       |       |       |       |       |     1 |       |       ||     1
         Box of beasts     |       |       |       |       |       |       |       |     1 |     1 ||     2
    Use: Potion            |     3 |     1 |       |       |     2 |     1 |     4 |    11 |    23 ||    45
         Scroll            |     1 |     3 |     7 |    14 |     1 |    11 |     8 |     5 |    15 ||    65
   Stab: Sleeping          |     3 |     3 |    36 |    36 |    58 |    16 |     5 |    26 |     7 ||   190
         Distracted        |       |     1 |     1 |    11 |    36 |     5 |     3 |     1 |     7 ||    65
         Petrifying        |       |       |       |       |       |       |     2 |       |       ||     2
         Paralysed         |       |       |       |       |       |       |       |       |     1 ||     1
 Armour: Leather armour    |    11 |    14 |    90 |    54 |       |       |       |       |       ||   169
         Scale mail        |       |       |       |    25 |    32 |       |       |       |       ||    57
         Shadow dragon sca |       |       |       |       |   263 |     6 |       |       |       ||   269
         Skin              |       |       |       |       |       |   138 |   258 |   372 |   379 ||  1147
  Dodge: Dodged            |    67 |    94 |   393 |   446 |   732 |  1396 |  1951 |  2433 |  2716 || 10228
  Block: Buckler           |       |       |       |       |       |   617 |   481 |       |       ||  1098
         Kite shield       |       |       |       |       |       |       |  1069 |  2225 |  3177 ||  6471
         Reflection        |       |       |       |       |       |       |    36 |   103 |    34 ||   173

Table legend: (Time is in decaauts)
 A = Elapsed time spent in this place.
 B = Non-inter-level travel time spent in this place.
 C = Inter-level travel time spent in this place.
 D = Time resting spent in this place.
 E = Time spent auto-exploring this place.
 F = Levels seen in this place.
 G = Mean time per level.
                   A        B        C        D        E       F      G
               +--------+--------+--------+--------+--------+-----+--------+
         Total | 108550 |  98875 |   9675 |   7213 |  64004 |  65 | 1670.0 |
       Dungeon |  24861 |  21052 |   3809 |    966 |  15924 |  15 | 1657.4 |
        Temple |    152 |     76 |     76 |      0 |     64 |   1 |  152.0 |
          Lair |   8872 |   7845 |   1027 |     80 |   6465 |   5 | 1774.4 |
        Shoals |   5336 |   5081 |    255 |     77 |   3458 |   4 | 1334.0 |
     Snake Pit |   8644 |   8184 |    460 |    312 |   5784 |   4 | 2161.0 |
    Slime Pits |   1219 |   1166 |     53 |    184 |      0 |   5 |  243.8 |
  Orcish Mines |   2459 |   2202 |    257 |      3 |   1756 |   2 | 1229.5 |
   Elven Halls |   5975 |   5652 |    323 |    117 |   4047 |   3 | 1991.7 |
        Vaults |  10790 |  10024 |    766 |    552 |   6968 |   4 | 2697.5 |
         Crypt |   6892 |   6508 |    384 |     72 |   4695 |   3 | 2297.3 |
        Depths |  11197 |   9376 |   1821 |    493 |   5955 |   4 | 2799.2 |
           Zot |  13974 |  13535 |    439 |   2877 |   6599 |   5 | 2794.8 |
         Abyss |   2212 |   2212 |      0 |     80 |      0 |   4 |  553.0 |
         Sewer |   2323 |   2323 |      0 |    719 |   1084 |   1 | 2323.0 |
        Bailey |    612 |    612 |      0 |    263 |    173 |   1 |  612.0 |
      Ice Cave |    440 |    440 |      0 |    136 |     32 |   1 |  440.0 |
       Volcano |    476 |    476 |      0 |     59 |    166 |   1 |  476.0 |
        Wizlab |    405 |    405 |      0 |    169 |      0 |   1 |  405.0 |
    Desolation |   1704 |   1704 |      0 |     50 |    831 |   1 | 1704.0 |
               +--------+--------+--------+--------+--------+-----+--------+

Top non-repeatable levels by time:
   Zot:5: 4003 daAuts
Depths:2: 3350 daAuts
Depths:4: 3201 daAuts
 Snake:1: 3110 daAuts
Vaults:3: 2868 daAuts
   Zot:1: 2833 daAuts
Vaults:1: 2785 daAuts
Vaults:4: 2727 daAuts
     D:5: 2724 daAuts
 Crypt:3: 2708 daAuts
    D:10: 2634 daAuts
   Zot:2: 2595 daAuts
 Crypt:2: 2528 daAuts
   Zot:3: 2510 daAuts
   Elf:3: 2444 daAuts
